 Dungeon Crawl Stone Soup version 0.21.1-1-g345015f (webtiles) character file.

259335 microfolk the Convoker (level 19, -17/130 HPs)
             Began as a Tengu Summoner on June 8, 2018.
             Was the Champion of Ashenzari.
             Killed from afar by a tengu reaver (27 damage)
             ... with a bolt of magma
             ... on level 3 of the Depths.
             The game lasted 04:14:45 (83558 turns).

microfolk the Convoker (Tengu Summoner)            Turns: 83558, Time: 04:14:46

Health: -17/130    AC: 22    Str: 17    XL:     19   Next: 90%
Magic:  36/53      EV: 17    Int: 41    God:    Ashenzari [******]
Gold:   2249       SH: 15    Dex: 14    Spells: 4/38 levels left

rFire    + + +     SeeInvis +   a - +5 spear "Gywniv" {pain, +Fly rF+ Int+7 Stlth+}
rCold    + + .     Gourm    .   S - +2 shield {rC+} (curse)
rNeg     + . .     Faith    .   H - +2 storm dragon scales {Bai Suzhen}
rPois    .         Spirit   .   X - +3 hat of Pondering {ponderous, MR+ MP+10 Int+5}
rElec    +         Reflect  .   E - scarf {rC+ rF+} (curse)
rCorr    .         Harm     .   U - +1 pair of gloves of Zorrucsi {Regen+ Str+8 Dex-2} (curse)
MR       +++++     Clarity  +   (boots unavailable)
Stlth    +.........             P - amulet of the Four Winds {rN+ MR+++ Clar} (curse)
HPRegen  0.71/turn              d - ring of Inaumn {MP+9 Int+4 Dex+4}
MPRegen  0.33/turn              T - ring of Altruism {rF+ Int+2 Dex-3 Stlth+}

@: flying quickly and evasively
A: beak, talons 3, able to fly 2
}: 2/15 runes: decaying, gossamer
a: Stop Flying, Curse Item, Scrying, Transfer Knowledge, Renounce Religion


You were on level 3 of the Depths.
You worshipped Ashenzari.
Ashenzari was exalted by your worship.
You were not hungry.

You visited 9 branches of the dungeon, and saw 42 of its levels.
You also visited: Labyrinth.

You collected 4289 gold pieces.
You spent 2040 gold pieces at shops.

Inventory:

Hand Weapons
 a - the +5 spear "Gywniv" (weapon) {pain, +Fly rF+ Int+7 Stlth+}
   (You found it on level 4 of the Lair of Beasts)

   In the hands of one skilled in necromantic magic, it inflicts extra damage on
   living creatures.
   It affects your intelligence (+7).
   It protects you from fire.
   It lets you fly.
   It makes you more stealthy.
Missiles
 g - 262 stones (quivered)
 R - 5 throwing nets
Armour
 E - a cursed scarf of resistance (worn)
 H - +2 storm dragon scales (worn) {Bai Suzhen}
 S - a cursed +2 shield of cold resistance (worn)
 U - the cursed +1 pair of gloves of Zorrucsi (worn) {Regen+ Str+8 Dex-2}
   (You found it on level 4 of the Vaults)

   It affects your strength (+8).
   It affects your dexterity (-2).
   It increases your rate of regeneration.
   It has a curse placed upon it.
 X - the +3 hat of Pondering (worn) {ponderous, MR+ MP+10 Int+5}
   (You took it off Gastronok on level 11 of the Dungeon)

   It affects your intelligence (+5).
   It affects your resistance to hostile enchantments.
   It affects your magic capacity (+10).
Jewellery
 d - the ring of Inaumn (left hand) {MP+9 Int+4 Dex+4}
   (You took it off a deep elf annihilator on level 3 of the Elven Halls)

   [ring of magical power]

   It affects your intelligence (+4).
   It affects your dexterity (+4).
   It affects your magic capacity (+9).
 l - an uncursed ring of wizardry
 o - an uncursed amulet of magic regeneration
 p - an uncursed amulet of guardian spirit
 y - the ring "Pacwott" {MP+9 Int-2 Dex+4 Slay+2}
   (You found it on level 2 of the Depths)

   [ring of slaying]

   It affects your intelligence (-2).
   It affects your dexterity (+4).
   It affects your accuracy and damage with ranged weapons and melee attacks
   (+2).
   It affects your magic capacity (+9).
 D - an uncursed ring of protection from cold
 F - an uncursed ring of resist corrosion
 P - the cursed amulet of the Four Winds (around neck) {rN+ MR+++ Clar}
   (You bought it in a shop on level 1 of the Elven Halls)

   [amulet of nothing]

   It protects you from negative energy.
   It affects your resistance to hostile enchantments.
   It protects you against confusion.
   It has a curse placed upon it.
 T - the ring of Altruism (right hand) {rF+ Int+2 Dex-3 Stlth+}
   (You found it on level 5 of the Lair of Beasts)

   [ring of stealth]

   It affects your intelligence (+2).
   It affects your dexterity (-3).
   It protects you from fire.
   It makes you more stealthy.
Wands
 e - a wand of scattershot (7)
 u - a wand of digging (15)
 w - a wand of acid (43)
 L - a wand of paralysis (50)
 N - a wand of iceblast (41)
 V - a wand of clouds (6)
Scrolls
 b - 2 scrolls of magic mapping
 h - a scroll of amnesia
 j - 6 scrolls of remove curse {@r2}
 s - 5 scrolls of enchant armour
 t - 9 scrolls of fear
 v - 20 scrolls of identify {@r1}
 x - 6 scrolls of blinking
 A - 12 scrolls of teleportation
 B - 3 scrolls of fog
 W - a scroll of silence
Potions
 f - 2 potions of invisibility
 i - 15 potions of heal wounds {@q2}
 k - 9 potions of mutation
 m - 8 potions of agility
 n - 4 potions of flight
 q - 19 potions of curing {@q1}
 r - a potion of cancellation
 z - 2 potions of berserk rage
 I - 4 potions of resistance
 J - 9 potions of haste
 K - 6 potions of brilliance
 M - 9 potions of lignification
 Q - 2 potions of might
Miscellaneous
 c - a phantom mirror
 G - 2 sacks of spiders
Comestibles
 C - 6 chunks of flesh


   Skills:
 + Level 18.0 Fighting
 - Level 1.4 Polearms
 * Level 11.1 Armour
 - Level 15.0 Dodging
 - Level 2.0 Stealth
 - Level 12.3(15.0) Shields
 - Level 10.0 Spellcasting
 - Level 3.1 Hexes
 + Level 20.8 Summonings
 - Level 3.1 Air Magic


You had 4 spell levels left.
You knew the following spells:

 Your Spells              Type           Power        Failure   Level  Hunger
a - Summon Small Mammal   Summ           ####         0%          1    None
b - Shadow Creatures      Summ           N/A          1%          6    ####...
d - Summon Lightning Spi  Summ/Air       #######.     1%          4    None
e - Summon Ice Beast      Ice/Summ       #######.     1%          4    None
f - Summon Mana Viper     Hex/Summ       #######.     3%          5    None
g - Apportation           Tloc           ###...       14%         1    None
h - Summon Butterflies    Summ           ########     0%          1    None
i - Summon Hydra          Summ           ########..   2%          7    #####..
j - Aura of Abjuration    Summ           ########..   1%          5    None


Dungeon Overview and Level Annotations

Branches:
Dungeon (15/15)            Temple (1/1) D:5            Lair (6/6) D:9
  Swamp (4/4) Lair:2       Spider (4/4) Lair:2        Slime (0/5) Lair:5
    Orc (2/2) D:12            Elf (3/3) Orc:2        Vaults (4/5) D:13
  Crypt (0/3) Vaults:2     Depths (3/5) D:15

Altars:
Ashenzari
Cheibriados
Dithmenos
Elyvilon
Fedhas
Gozag
Hepliaklqana
Kikubaaqudgha
Makhleb
Nemelex Xobeh
Okawaru
Qazlal
Ru
Sif Muna
Trog
Uskayaw
Vehumet
Wu Jian
Xom
Yredelemnul
Zin
The Shining One

Shops:
D:14 *   Orc:2 ([?}   Elf:1 =}=!   Vaults:1 =   Depths:1 ?

Portals:
Hell: Depths:1 Depths:2
Pandemonium: Depths:1 Depths:3
Ziggurat: Depths:2

Annotations:
D:5 exclusion: 2 downstairs
Lair:1 exclusion: downstairs
Lair:2 exclusion: downstairs
Spider:1 exclusion: Roxanne, Roxanne
Elf:2 3 runed doors, exclusion: downstairs
Elf:3 29 runed doors
Depths:1 1 runed door
Depths:2 exclusion: 3 obsidian statues


Innate Abilities, Weirdness & Mutations

You have a beak for a mouth.
You have claws for feet.
You can fly continuously.


Message History

Your four-headed hydra bites the battlesphere! x3
The battlesphere is destroyed!
You puncture the tengu reaver! Your peck misses the tengu reaver.
The tengu reaver is moderately wounded.
Your mana viper bites the yaktaur!
The yaktaur unwields an uncursed arbalest.
The yaktaur hits your mana viper.
The tengu reaver hits you with a great mace of protection!!
* * * LOW HITPOINT WARNING * * *
You block the tengu reaver's attack.
The tengu reaver claws you but does no damage.
Your mana viper bites the yaktaur!!
You swap places.
Your mana viper bites the yaktaur!
The yaktaur wields an uncursed arbalest.
The yaktaur shoots a bolt.
The bolt hits your mana viper!
The tengu reaver gestures at you while chanting.
The bolt of magma hits your butterfly.
Your butterfly dies!
The bolt of magma hits you! You partially resist.
You die...

, , ##+#####
#.#>.....( , , , **
#......# #.#.......
,,
#......###.'.......
, * ,*
#......+...#.......
*+** **,*
#......###.#.......
, * ,* *, ,
+....b.###.#.......
**,***,* *
#.QD.b.Sc..#≈≈≈≈≈≈≈
,, ,,,, ,
#b(S.b8##...≈######
*** **
#b@b...###.#≈#∆ ,,,
* * #.b....#*#+#≈#,
* { #####+## ,.≈# *
* * * *, ** *
,+,,,.≈#{, ∆, ≈ ,
*, , * , *, *∆ ** *
{* * ** , , , * , *
,* * ,≈*, , *, , ,,
* , * ,, , * ,*,, *
,, ,* ,, , ≈ ,


You could see a tengu reaver, a yaktaur, a friendly four-headed hydra, 2
friendly mana vipers and a friendly lightning spire.

Vanquished Creatures
  A deep elf elementalist (Elf:3)
  A war gargoyle (Depths:2)
  A very ugly thing (Depths:2)
  A deep elf demonologist (Elf:3)
  4 deep elf annihilators (Elf:3)
  An ogre mage (Orc:2)
  A hydra (Lair:4)
  2 centaur warriors (D:15)
  4 two-headed ogres
  An anaconda (shapeshifter) (Depths:2)
  6 dancing weapons
  A tengu warrior (Depths:1)
  2 deep elf knights (Elf:3)
  An unseen horror (D:12)
  Pikel (D:6)
  2 deep elf archers
  10 deep elf magi
  8 wolf spiders
  An orb spider (Spider:4)
  An orc sorcerer (Orc:2)
  A necromancer (Elf:1)
  A mana viper (shapeshifter) (Vaults:4)
  A moth of wrath (Spider:4)
  An ugly thing (Swamp:1)
  4 elephants
  A molten gargoyle (Depths:2)
  3 spiny frogs
  A vault sentinel (Vaults:3)
  7 yaktaurs
  The ghost of 4thArraOfDagon the Grave Robber, a novice GnNe (D:7)
  A centaur skeleton (D:13)
  A komodo dragon (Lair:4)
  5 demonic crawlers
  4 jumping spiders
  A troll (D:9)
  2 hornets
  2 bog bodies
  A hippogriff (Lair:5)
  5 slime creatures
  The ghost of Kagorn the Shield-Bearer, an amateur GrFi (D:4)
  An air elemental (Depths:1)
  11 redbacks
  2 human simulacra
  4 tarantellas
  7 yaks
  3 water elementals (Depths:2)
  A fire elemental (Depths:2)
  A hungry ghost (D:7)
  Menkaure (D:6)
  6 swamp worms
  2 soldier ants (Lair:5)
  3 insubstantial wisps
  2 water moccasins
  2 porcupines (D:9)
  5 swamp drakes
  An ice beast (D:7)
  2 slaves
  An orc warrior (D:10)
  2 necrophages
  A sky beast (D:14)
  6 ogres
  3 wolves
  A tengu (shapeshifter) (Depths:2)
  3 boggarts (Vaults:2)
  2 centaurs
  4 crocodiles
  An elf zombie (Elf:1)
  4 bullfrogs
  A big kobold (D:8)
  3 earth elementals (Depths:2)
  3 wyvern skeletons
  2 killer bees (D:8)
  A wight (D:9)
  A troll skeleton (Lab)
  2 spriggan skeletons (Lab)
  4 electric eels
  2 crimson imps
  A centaur zombie (D:12)
  2 bullfrog zombies
  4 hounds
  A bullfrog skeleton (D:5)
  3 jellies
  Crazy Yiuf (D:7)
  An orc priest (D:13)
  4 iguanas
  3 orc wizards
  7 worker ants
  A killer bee zombie (D:8)
  A hound skeleton (D:9)
  2 gnolls
  6 adders
  3 shadow imps
  7 oozes
  2 adder skeletons
  3 adder zombies
  A worm (D:14)
  2 leopard geckos
  24 orcs
  A giant cockroach (D:7)
  A goblin (D:2)
  3 hobgoblins
  3 jackals (D:3)
  3 quokkas
  2 frilled lizards
  2 jackal skeletons
  A jackal zombie (D:5)
  11 kobolds
  2 rats
303 creatures vanquished.

Vanquished Creatures (collateral kills)
  Bai Suzhen (Spider:4)
  2 liches
  2 deep elf master archers (Elf:3)
  2 titans
  2 deep elf blademasters (Elf:3)
  2 thorn hunters
  Gastronok (D:11)
  3 sphinxes
  2 shadow dragons
  A storm dragon (Vaults:4)
  A tengu reaver (Vaults:1)
  A fire giant (Depths:1)
  2 deep elf sorcerers (Elf:3)
  The ghost of Bnni the Stormcaller, an adept TeAE of Sif Muna (Spider:2)
  A frost giant (D:15)
  6 ghost moths
  8 vault wardens
  Louise (Swamp:2)
  An orc warlord (Orc:1)
  Aizul (Spider:4)
  4 deep elf elementalists (Elf:3)
  6 emperor scorpions
  5 very ugly things
  4 stone giants
  4 ironheart preservers
  A stone giant (shapeshifter) (Depths:2)
  3 war gargoyles
  3 entropy weavers
  10 deep elf demonologists
  7 deep elf annihilators
  The ghost of diana the Cleaver, a journeyman FoFi of Gozag (Lair:3)
  4 spark wasps
  Azrael (Elf:1)
  A spark wasp (shapeshifter) (Depths:2)
  9 deep elf death magi
  6 ettins
  14 crystal guardians (Depths:2)
  Snorg (Orc:1)
  2 deep elf high priests
  2 fire dragons
  A minotaur (Lab)
  23 hydras
  7 ogre magi
  Harold (Lair:4)
  5 yaktaur captains
  2 great orbs of eyes
  3 vault guards (D:13)
  3 catoblepae (Lair:6)
  2 centaur warriors
  2 ice dragons
  The ghost of Ethylacetat the Carver, a novice DsCK of Xom (D:9)
  28 two-headed ogres
  9 alligators
  11 death yaks (Lair:6)
  5 deep troll shamans
  6 tengu warriors
  A queen ant (Lair:5)
  21 dancing weapons
  The ghost of Jaiteiro the Thaumaturge, a journeyman SpVM of Sif Muna (Lair:4)
  16 deep elf knights
  A deep troll earth mage (Depths:1)
  2 spriggan berserkers (Swamp:4)
  A death yak (shapeshifter) (Depths:2)
  Nergalle (Lair:1)
  Urug (Lair:4)
  5 skeletal warriors (D:14)
  2 shadow wraiths
  An iron troll (Depths:1)
  2 glowing orange brains (Depths:2)
  10 deep trolls
  A wizard (Vaults:1)
  A flayed ghost (Depths:1)
  2 shambling mangroves
  An unseen horror (D:13)
  A spriggan druid (Swamp:3)
  5 necromancers
  An obsidian statue (Depths:2)
  7 swamp dragons
  A lindwurm (Lair:6)
  A lindwurm (shapeshifter) (Depths:2)
  18 deep elf archers
  A harpy (shapeshifter) (Depths:2)
  A phantasmal warrior (Vaults:4)
  50 deep elf magi
  A wolf spider zombie (D:15)
  17 orb spiders
  2 oklob plants (Lair:2)
  2 orc sorcerers
  A fire giant zombie (Vaults:2)
  7 ironbrand convokers
  19 wolf spiders
  36 ugly things
  2 orb spiders (shapeshifter)
  11 elephants
  3 manticores
  A faun (shapeshifter) (Vaults:4)
  A moth of wrath (Spider:4)
  11 cyclopes
  11 vault sentinels
  A black mamba (Lair:1)
  6 molten gargoyles
  Joseph (D:7)
  2 torpor snails
  3 gargoyles (Depths:2)
  A kobold demonologist (D:13)
  7 spiny frogs
  10 komodo dragons
  2 rime drakes
  A spiny frog (shapeshifter) (Depths:2)
  9 demonic crawlers
  8 freezing wraiths
  36 yaktaurs
  An efreet (D:15)
  2 polar bears
  2 merfolk (shapeshifter) (Depths:2)
  3 tengu conjurers
  A hornet (shapeshifter) (Vaults:3)
  3 tyrant leeches
  6 trolls
  19 jumping spiders
  2 wind drakes (shapeshifter)
  A blink frog (shapeshifter) (Depths:2)
  16 blink frogs
  3 wind drakes (Depths:2)
  6 hippogriffs
  8 bog bodies (Swamp:4)
  25 hornets
  A stone giant simulacrum (Vaults:3)
  6 raiju (Depths:2)
  21 slime creatures
  12 dream sheep
  4 air elementals
  19 tarantellas
  3 spriggans
  64 redbacks
  A shadow (Swamp:3)
  50 yaks
  A wraith (D:14)
  6 wyverns
  2 basilisks (shapeshifter)
  14 fire elementals
  Grum (D:11)
  A hog (shapeshifter) (Vaults:2)
  A wyvern (shapeshifter) (Depths:1)
  A golden eye (shapeshifter) (Depths:2)
  5 water elementals
  2 basilisks
  2 hungry ghosts
  20 insubstantial wisps
  4 wargs
  A swamp worm (shapeshifter) (Depths:2)
  25 soldier ants
  A soldier ant (shapeshifter) (Vaults:2)
  An acid dragon (shapeshifter) (Elf:1)
  4 water moccasins
  2 acid dragons
  13 swamp worms
  8 porcupines
  2 large abominations (Elf:1)
  A hell hound (Elf:1)
  13 swamp drakes
  6 sky beasts
  3 black bears
  An eye of draining (D:12)
  2 ice beasts
  2 slaves (D:6)
  An eye of draining (shapeshifter) (Depths:2)
  15 orc warriors
  3 phantoms
  6 wolves
  An ettin simulacrum (Vaults:2)
  40 ogres
  A boggart (Vaults:2)
  6 centaurs
  15 crocodiles
  2 elf zombies (Elf:1)
  A big kobold (D:8)
  11 bullfrogs
  7 earth elementals (Depths:2)
  A gnoll sergeant (D:7)
  A human simulacrum (Vaults:2)
  A scorpion (D:5)
  9 killer bees
  9 wights
  2 howler monkeys (D:8)
  4 crimson imps
  5 lava snakes (Lair:5)
  A bullfrog zombie (D:13)
  3 centaur zombies
  A quasit (D:14)
  6 jellies (D:12)
  5 orc priests
  16 orc wizards
  A gnoll shaman (D:8)
  An iguana (D:8)
  Terence (D:2)
  24 worker ants
  A hound zombie (D:9)
  An ogre skeleton (Lab)
  9 gnolls
  2 adders
  3 shadow imps
  6 oozes (D:12)
  4 worms
  43 orcs
  A giant cockroach (D:1)
  5 goblins
  8 hobgoblins
  4 jackals
  12 kobolds
  2 quokkas
  2 ball pythons
  4 bats
  2 frilled lizards
  2 gnoll zombies (D:3)
  3 rats (D:3)
  A briar patch (Swamp:1)
  2 butterflies (D:9)
  A fungus (D:12)
  5 plants
1353 creatures vanquished.

Vanquished Creatures (others)
  A deep elf elementalist (Elf:3)
  A war gargoyle (Depths:2)
  A vault guard (D:13)
  A spriggan berserker (Swamp:4)
  A deep troll (Depths:1)
  A yaktaur (Vaults:1)
  2 wind drakes (Depths:2)
  2 raiju (Depths:2)
  2 air elementals (Depths:2)
  A golden eye (shapeshifter) (Depths:2)
  A boggart (Vaults:2)
  9 ball lightnings (Depths:2)
  62 fungi
  13 plants
98 creatures vanquished.

Grand Total: 1754 creatures vanquished

Notes
Turn   | Place    | Note
-------+----------+-------------------------------------------
     0 | D:1      | microfolk the Tengu Summoner began the quest for the Orb.
     0 | D:1      | Reached XP level 1. HP: 10/10 MP: 4/4
   475 | D:1      | Reached skill level 5 in Summonings
   536 | D:1      | Reached XP level 2. HP: 16/16 MP: 1/6
   560 | D:1      | Learned a level 2 spell: Call Imp
  1116 | D:2      | Reached skill level 1 in Fighting
  1285 | D:2      | Found an ancient bone altar of Kikubaaqudgha.
  1432 | D:2      | Reached XP level 3. HP: 20/20 MP: 1/7
  1437 | D:2      | Learned a level 3 spell: Call Canine Familiar
  1569 | D:2      | Found a shadowy altar of Dithmenos.
  1648 | D:2      | Noticed Terence
  1673 | D:2      | Killed Terence
  2252 | D:3      | Reached XP level 4. HP: 26/26 MP: 2/8
  2729 | D:3      | Found a basalt altar of Yredelemnul.
  2871 | D:3      | Gained mutation: You can fly. [Tengu growth]
  2871 | D:3      | Reached XP level 5. HP: 22/31 MP: 2/9
  3219 | D:3      | Found a stormy altar of Qazlal.
  3477 | D:3      | Found a hazy altar of Hepliaklqana.
  3795 | D:3      | Found a hazy altar of Hepliaklqana.
  3885 | D:3      | Found a stormy altar of Qazlal.
  4022 | D:3      | Found a basalt altar of Yredelemnul.
  4135 | D:4      | Noticed an ogre
  4137 | D:4      | Got a translucent spear
  4148 | D:4      | Noticed a sky beast
  4153 | D:4      | Killed an ogre
  4153 | D:4      | Reached skill level 6 in Summonings
  4168 | D:4      | Killed a sky beast
  4168 | D:4      | Reached XP level 6. HP: 37/37 MP: 3/10
  4175 | D:4      | Found a shattered altar of Ashenzari.
  4231 | D:4      | Became a worshipper of Ashenzari the Shackled
  4243 | D:4      | Identified the +10 spear of Wijuxiusm {holy, rC++ Str+2} (You found it on level 4 of the Dungeon)
  4321 | D:4      | Got the hand axe "Paqiplij" {chop, +Fly MR- Str+4}
  4379 | D:4      | Noticed Kagorn's ghost (amateur GrFi)
  4641 | D:4      | Killed Kagorn's ghost
  4809 | D:4      | Found a snail-covered altar of Cheibriados.
  5165 | D:5      | Entered Level 5 of the Dungeon
  5309 | D:5      | Reached XP level 7. HP: 42/42 MP: 6/11
  5515 | D:5      | Reached skill level 7 in Summonings
  5521 | D:5      | Learned a level 4 spell: Summon Lightning Spire
  5711 | D:5      | Found a staircase to the Ecumenical Temple.
  5750 | Temple   | Entered the Ecumenical Temple
  5752 | Temple   | Reached skill level 5 in Dodging
  5852 | D:5      | Reached skill level 1 in Air Magic
  6480 | D:6      | Noticed Menkaure
  6703 | D:6      | Killed Menkaure
  6703 | D:6      | Reached XP level 8. HP: 48/48 MP: 12/12
  7220 | D:6      | Found an opulent altar of Gozag.
  7635 | D:6      | Noticed Pikel
  8142 | D:6      | Killed Pikel
  8142 | D:6      | Reached skill level 5 in Fighting
  8142 | D:6      | Reached skill level 8 in Summonings
  8447 | D:6      | Learned a level 4 spell: Summon Ice Beast
  8448 | D:7      | Found a sparkling altar of Nemelex Xobeh.
  8610 | D:7      | Reached skill level 1 in Polearms
  8685 | D:7      | Noticed Joseph
  8873 | D:7      | Found a runed door.
  8898 | D:7      | Reached * piety under Ashenzari
  9161 | D:7      | Noticed 4thArraOfDagon's ghost (novice GnNe)
  9163 | D:7      | Reached XP level 9. HP: 54/54 MP: 16/16
  9184 | D:7      | Killed 4thArraOfDagon's ghost
  9184 | D:7      | Reached skill level 1 in Shields
 10311 | D:8      | Reached skill level 9 in Summonings
 10690 | D:8      | Found an iron altar of Okawaru.
 10862 | D:8      | Noticed a two-headed ogre
 10872 | D:8      | Killed a two-headed ogre
 11381 | D:8      | Reached XP level 10. HP: 61/61 MP: 12/17
 11811 | D:9      | Noticed Ethylacetat's ghost (novice DsCK)
 12365 | D:9      | Reached skill level 10 in Summonings
 12710 | D:9      | Found a staircase to the Lair.
 13160 | D:9      | Found a shimmering altar of Xom.
 13179 | D:9      | Found Tymuwky's Armour Shop.
 13459 | D:9      | Noticed a two-headed ogre
 13747 | D:9      | Killed a two-headed ogre
 13906 | D:10     | Entered Level 10 of the Dungeon
 14578 | D:10     | Reached skill level 1 in Armour
 15192 | D:9      | Killed Ethylacetat's ghost
 15192 | D:9      | Reached skill level 5 in Spellcasting
 15236 | Lair:1   | Entered Level 1 of the Lair of Beasts
 15307 | Lair:1   | Reached skill level 11 in Summonings
 15307 | Lair:1   | Reached XP level 11. HP: 68/68 MP: 14/19
 15319 | Lair:1   | Learned a level 5 spell: Summon Mana Viper
 15625 | Lair:1   | Reached skill level 1 in Hexes
 15814 | Lair:1   | Reached ** piety under Ashenzari
 16326 | Lair:1   | Noticed Nergalle
 16342 | Lair:1   | Killed Nergalle
 17237 | Lair:2   | Found a hole to the Spider Nest.
 17784 | Lair:2   | Found a staircase to the Swamp.
 17790 | Lair:2   | Found a hazy altar of Hepliaklqana.
 17988 | Lair:2   | Noticed an oklob plant
 17988 | Lair:2   | Noticed an oklob plant
 18088 | Lair:2   | Killed an oklob plant
 18309 | Lair:2   | Killed an oklob plant
 19305 | Lair:3   | Noticed diana's ghost (journeyman FoFi)
 19317 | Lair:3   | Killed diana's ghost
 19317 | Lair:3   | Reached skill level 5 in Armour
 19582 | Lair:3   | Reached XP level 12. HP: 70/76 MP: 19/22
 20246 | Lair:3   | Learned a level 1 spell: Apportation
 20896 | Lair:4   | Noticed Jaiteiro's ghost (journeyman SpVM)
 20904 | Lair:4   | Killed Jaiteiro's ghost
 21098 | Lair:4   | Reached skill level 10 in Fighting
 21330 | Lair:4   | Noticed Harold
 21354 | Lair:4   | Killed Harold
 21354 | Lair:4   | Reached skill level 12 in Summonings
 21518 | Lair:4   | Noticed a seven-headed hydra
 21544 | Lair:4   | Killed a seven-headed hydra
 21642 | Lair:4   | Reached skill level 10 in Dodging
 21879 | Lair:4   | Noticed Urug
 21887 | Lair:4   | Killed Urug
 22350 | Lair:4   | Reached *** piety under Ashenzari
 22399 | Lair:4   | Got the spear "Gywniv" {pain, +Fly rF+ Int+7 Stlth+}
 22401 | Lair:4   | Identified the +5 spear "Gywniv" {pain, +Fly rF+ Int+7 Stlth+} (You found it on level 4 of the Lair of Beasts)
 22895 | Lair:5   | Noticed a six-headed hydra
 22903 | Lair:5   | Killed a six-headed hydra
 22927 | Lair:5   | Noticed a queen ant
 23106 | Lair:5   | Killed a queen ant
 23178 | Lair:5   | Noticed an entropy weaver
 23309 | Lair:5   | Killed an entropy weaver
 23571 | Lair:5   | Noticed an entropy weaver
 23581 | Lair:5   | Killed an entropy weaver
 23752 | Lair:5   | Reached XP level 13. HP: 84/84 MP: 1/26
 24129 | Lair:5   | Reached skill level 13 in Summonings
 24313 | Lair:5   | Found a staircase to the Slime Pits.
 24918 | Lair:5   | Identified the ring of Altruism {rF+ Int+2 Dex-3 Stlth+}
 25068 | Lair:6   | Entered Level 6 of the Lair of Beasts
 25105 | Lair:6   | Found a labyrinth entrance.
 25132 | Lab      | Entered a labyrinth
 25955 | Lab      | Noticed a minotaur
 25989 | Lab      | Killed a minotaur
 28082 | Lair:6   | Reached skill level 14 in Summonings
 28501 | Temple   | Reached **** piety under Ashenzari
 28810 | D:11     | Noticed Grum
 28820 | D:11     | Killed Grum
 29038 | D:11     | Noticed Gastronok
 29189 | D:11     | Killed Gastronok
 29601 | D:11     | Identified the Almanac of Dark Moulding
 29604 | D:11     | Learned a level 1 spell: Summon Butterflies
 30779 | D:12     | Found a staircase to the Orcish Mines.
 31692 | D:12     | Gained mutation: You can fly continuously. [Tengu growth]
 31692 | D:12     | Reached XP level 14. HP: 75/92 MP: 15/27
 31939 | Orc:1    | Entered Level 1 of the Orcish Mines
 32072 | Orc:1    | Noticed Snorg
 32081 | Orc:1    | Killed Snorg
 32164 | Orc:2    | Entered Level 2 of the Orcish Mines
 32547 | Orc:1    | Noticed an orc warlord
 32559 | Orc:1    | Killed an orc warlord
 33135 | Orc:2    | Found a staircase to the Elven Halls.
 33678 | Orc:2    | Reached skill level 15 in Summonings
 33996 | Orc:2    | Found Kodir's Magic Scroll Boutique.
 33996 | Orc:2    | Found Koujoull's Antique Weapon Shoppe.
 33998 | Orc:2    | Found Sapp's Gadget Emporium.
 33998 | Orc:2    | Found Dead Kuh's Antique Armour Boutique.
 34005 | Orc:2    | Bought a scroll of fog for 26 gold pieces
 34005 | Orc:2    | Bought a scroll of remove curse for 39 gold pieces
 34007 | Orc:2    | Bought a runed shield for 165 gold pieces
 34034 | Orc:2    | Bought a scroll of acquirement for 676 gold pieces
 34034 | Orc:2    | Identified the cursed ring "Cocsolue" {rElec rF++ Str-5 Slay+3 Stlth+} (You acquired it on level 2 of the Orcish Mines)
 34640 | D:13     | Reached skill level 5 in Shields
 34759 | D:13     | Found a gate to the Vaults.
 35004 | D:13     | Identified the +2 robe of the King {+Inv MP-9 Dex+2} (You took it off an orc wizard on level 13 of the Dungeon)
 36771 | D:14     | Reached ***** piety under Ashenzari
 37702 | D:14     | Found Xethah's General Store.
 37710 | D:14     | Bought a scroll of remove curse for 45 gold pieces
 38333 | D:15     | Entered Level 15 of the Dungeon
 38432 | D:15     | Reached XP level 15. HP: 68/99 MP: 28/28
 39720 | D:15     | Found a staircase to the Depths.
 39720 | D:15     | Noticed a frost giant
 39734 | D:15     | Killed a frost giant
 40695 | Swamp:1  | Entered Level 1 of the Swamp
 40953 | D:13     | Learned a level 7 spell: Summon Hydra
 41600 | Lair:2   | Found a hazy altar of Hepliaklqana.
 42285 | Swamp:1  | Noticed a thorn hunter
 42300 | Swamp:1  | Killed a thorn hunter
 42300 | Swamp:1  | Reached skill level 16 in Summonings
 43696 | Swamp:2  | Noticed Louise
 43724 | Swamp:2  | Killed Louise
 43746 | Swamp:2  | Noticed a thorn hunter
 43775 | Swamp:2  | Killed a thorn hunter
 43930 | Swamp:2  | Identified the cursed amulet "Uxeudiz" {RegenMP +Fly rPois Str-3 Int-5} (You acquired it on level 2 of the Swamp)
 44848 | Swamp:3  | Identified the +2 robe of Tikuev {rF- rCorr Str+5}
 45928 | D:7      | Killed Joseph
 46108 | D:7      | Noticed Crazy Yiuf
 46114 | D:7      | Killed Crazy Yiuf
 46830 | Swamp:4  | Entered Level 4 of the Swamp
 46981 | Swamp:4  | Identified the Incunabulum of Conjuration and the Snowflakes
 47114 | Swamp:4  | Reached skill level 10 in Shields
 47321 | Swamp:4  | Reached ****** piety under Ashenzari
 48414 | Swamp:4  | Reached XP level 16. HP: 106/106 MP: 29/29
 48457 | Swamp:4  | Got a decaying rune of Zot
 48712 | Spider:1 | Entered Level 1 of the Spider Nest
 48897 | Spider:1 | Noticed Roxanne
 51139 | Spider:2 | Noticed Bnni's ghost (adept TeAE)
 51152 | Spider:2 | Killed Bnni's ghost
 51152 | Spider:2 | Reached skill level 17 in Summonings
 53597 | Spider:4 | Entered Level 4 of the Spider Nest
 54091 | Spider:3 | HP: 5/107 [poisoned by a wolf spider]
 55368 | Spider:4 | Noticed Bai Suzhen
 55519 | Spider:4 | Reached skill level 15 in Fighting
 55924 | Spider:4 | Killed Bai Suzhen
 56776 | Spider:4 | Noticed Aizul
 56787 | Spider:4 | Killed Aizul
 57654 | Spider:4 | Reached skill level 18 in Summonings
 58064 | Spider:4 | Reached XP level 17. HP: 68/113 MP: 1/30
 58306 | Spider:4 | Got a gossamer rune of Zot
 58693 | Vaults:1 | Entered Level 1 of the Vaults
 59776 | Elf:1    | Entered Level 1 of the Elven Halls
 59908 | Elf:1    | Found a radiant altar of Vehumet.
 60650 | Elf:1    | Identified the Almanac of Unholy Magic
 60775 | Elf:1    | Found Vemetial's Distillery.
 60779 | Elf:1    | Bought a potion of heal wounds for 70 gold pieces
 60779 | Elf:1    | Bought a potion of heal wounds for 70 gold pieces
 61171 | Elf:1    | Found Uneusuvi's Jewellery Emporium.
 61172 | Elf:1    | Found Rufai's Gadget Shop.
 61183 | Elf:1    | Found Kecoruo's Jewellery Emporium.
 61200 | Elf:1    | Bought the amulet of the Four Winds {rN+ MR+++ Clar} for 614 gold pieces
 61200 | Elf:1    | Found the amulet of the Four Winds {rN+ MR+++ Clar}
 61253 | Elf:1    | Noticed Azrael
 61892 | Elf:1    | Killed Azrael
 62836 | Elf:2    | Found a radiant altar of Vehumet.
 63284 | Elf:2    | Found a runed gate.
 63284 | Elf:2    | Found a runed gate.
 63284 | Elf:2    | Found a runed gate.
 63459 | Elf:3    | Entered Level 3 of the Elven Halls
 63459 | Elf:3    | Found a huge runed gate.
 63459 | Elf:3    | Found a huge runed gate.
 63464 | Elf:3    | Found a huge runed gate.
 63464 | Elf:3    | Found a huge runed gate.
 63465 | Elf:3    | Found a huge runed gate.
 63465 | Elf:3    | Found a huge runed gate.
 63465 | Elf:3    | Found a huge runed gate.
 63468 | Elf:3    | Found a huge runed gate.
 63468 | Elf:3    | Found a huge runed gate.
 63468 | Elf:3    | Found a huge runed gate.
 63468 | Elf:3    | Found a huge runed gate.
 63468 | Elf:3    | Found a huge runed gate.
 63469 | Elf:3    | Found a huge runed gate.
 63470 | Elf:3    | Found a huge runed gate.
 63471 | Elf:3    | Found a huge runed gate.
 63477 | Elf:3    | Found a huge runed gate.
 63573 | Elf:3    | Found a huge runed gate.
 63575 | Elf:3    | Found a huge runed gate.
 63577 | Elf:3    | Found a huge runed gate.
 64095 | Elf:3    | Reached skill level 19 in Summonings
 64727 | Elf:3    | Found a huge runed gate.
 64728 | Elf:3    | Found a huge runed gate.
 64729 | Elf:3    | Found a huge runed gate.
 64737 | Elf:3    | Found a huge runed gate.
 64737 | Elf:3    | Found a huge runed gate.
 64737 | Elf:3    | Found a huge runed gate.
 64737 | Elf:3    | Found a huge runed gate.
 64737 | Elf:3    | Found a huge runed gate.
 64737 | Elf:3    | Found a huge runed gate.
 64737 | Elf:3    | Found a huge runed gate.
 65636 | Elf:3    | Noticed a deep elf master archer
 65822 | Elf:3    | Noticed a deep elf blademaster
 66177 | Elf:3    | Killed a deep elf blademaster
 66743 | Elf:3    | Noticed a deep elf blademaster
 66887 | Elf:3    | Killed a deep elf master archer
 66917 | Elf:3    | Reached XP level 18. HP: 84/122 MP: 21/31
 67309 | Elf:3    | Noticed a deep elf master archer
 67320 | Elf:3    | Killed a deep elf master archer
 67602 | Elf:3    | Killed a deep elf blademaster
 67733 | Elf:3    | Identified the ring of Inaumn {MP+9 Int+4 Dex+4} (You took it off a deep elf annihilator on level 3 of the Elven Halls)
 69179 | Elf:3    | Learned a level 5 spell: Aura of Abjuration
 70434 | Vaults:1 | Found Wuwyhal's Jewellery Boutique.
 70445 | Vaults:1 | Found a burning altar of Makhleb.
 73001 | Vaults:2 | Found a staircase to the Crypt.
 74012 | Vaults:3 | Reached skill level 20 in Summonings
 75138 | Vaults:3 | Noticed a lich
 75151 | Vaults:3 | Killed a lich
 76228 | Vaults:4 | Noticed a lich
 76279 | Vaults:3 | Learned a level 6 spell: Shadow Creatures
 76439 | Vaults:4 | Reached XP level 19. HP: 128/128 MP: 7/33
 76748 | Vaults:4 | Identified the +1 pair of gloves of Zorrucsi {Regen+ Str+8 Dex-2}
 77241 | Vaults:4 | Reached skill level 10 in Spellcasting
 77747 | Vaults:4 | Reached skill level 15 in Dodging
 78410 | Vaults:4 | Found the +8 glaive of the Guard {elec, +Rage AC+5 SInv}
 78702 | Depths:1 | Entered Level 1 of the Depths
 78702 | Depths:1 | Found a gateway to Hell.
 78831 | Depths:1 | Found a one-way gate leading to the halls of Pandemonium.
 78990 | Depths:1 | Found Wotin's Magic Scroll Shop.
 79035 | Depths:1 | Bought a scroll of teleportation for 30 gold pieces
 79035 | Depths:1 | Bought a scroll of remove curse for 30 gold pieces
 79035 | Depths:1 | Bought a scroll of teleportation for 30 gold pieces
 79035 | Depths:1 | Bought a scroll of remove curse for 30 gold pieces
 79035 | Depths:1 | Bought a scroll of fear for 35 gold pieces
 79035 | Depths:1 | Bought a scroll of teleportation for 30 gold pieces
 79035 | Depths:1 | Bought a scroll of blinking for 75 gold pieces
 79671 | Depths:1 | Found a runed door.
 80831 | Depths:2 | Reached skill level 10 in Armour
 82677 | Depths:2 | Identified the ring "Xin Reink" {rF++ MP-9 SInv}
 83002 | Depths:2 | Identified the ring "Pacwott" {MP+9 Int-2 Dex+4 Slay+2}
 83005 | Depths:2 | Found a gateway to a ziggurat.
 83244 | D:14     | Bought a ration for 75 gold pieces
 83558 | Depths:3 | Killed from afar by a tengu reaver

Skill      XL: |  1  2  3  4  5  6  7  8  9 10 11 12 13 14 15 16 17 18 19 |
---------------+----------------------------------------------------------+-----
Summonings     | 5 6 7 8 9 11 12 14 15 16 18 19 20 | 20.8
Fighting       | 1 2 3 4 5 6 8 9 10 12 13 14 15 16 17 18 | 18.0
Dodging        | 3 4 5 6 7 9 10 12 13 14 15 | 15.0
Air Magic      | 3 |  3.1
Spellcasting   | 4 5 6 8 9 10 | 10.0
Polearms       | 1 |  1.4
Shields        | 4 7 10 12 | 12.3
Armour         | 2 5 6 8 11 | 11.1
Hexes          | 3 |  3.1
Stealth        | |  2.0

Action                   |  1- 3 |  4- 6 |  7- 9 | 10-12 | 13-15 | 16-18 | 19-21 || total
-------------------------+-------+-------+-------+-------+-------+-------+-------++-------
Melee: Unarmed           |     1 |       |       |       |       |       |       ||     1
       Dagger            |    27 |    27 |       |       |       |       |       ||    54
       Kick              |     3 |     6 |    18 |    48 |   185 |   265 |   147 ||   672
       Peck              |     3 |     5 |     9 |    18 |   101 |   182 |    90 ||   408
       Spear             |       |    23 |   187 |   308 |   658 |  1023 |   362 ||  2561
Throw: Stone             |    10 |     3 |       |     5 |    52 |    38 |     2 ||   110
 Cast: Summon Small Mamm |    39 |     1 |       |       |     5 |       |       ||    45
       Call Imp          |    14 |    31 |    25 |       |     1 |       |       ||    71
       Call Canine Famil |     1 |    19 |    26 |     7 |    41 |    27 |       ||   121
       Summon Lightning  |       |       |    13 |   118 |   109 |    38 |    39 ||   317
       Summon Ice Beast  |       |       |    21 |    81 |   224 |   274 |    29 ||   629
       Summon Mana Viper |       |       |       |    26 |   164 |   265 |    78 ||   533
       Summon Hydra      |       |       |       |       |    31 |   147 |    74 ||   252
       Apportation       |       |       |       |       |     3 |       |     2 ||     5
       Summon Butterflie |       |       |       |       |       |    25 |     3 ||    28
       Shadow Creatures  |       |       |       |       |       |     3 |    36 ||    39
Invok: Curse Item        |       |       |     1 |     3 |     2 |     2 |     1 ||     9
 Abil: Fly               |       |       |     2 |     9 |     9 |       |     2 ||    22
       Stop Flying       |       |       |       |       |       |       |     2 ||     2
Evoke: Wand              |       |       |       |    10 |     4 |     2 |       ||    16
  Use: Scroll            |     3 |     4 |     7 |     9 |     9 |    13 |     2 ||    47
       Potion            |       |       |     2 |       |       |     4 |       ||     6
 Stab: Sleeping          |     1 |       |     5 |     2 |     3 |     5 |       ||    16
       Distracted        |       |       |     4 |     7 |    24 |    37 |    17 ||    89
  Eat: Chunk             |     5 |     7 |    20 |    41 |    51 |    89 |    17 ||   230
       Ration            |       |     2 |     3 |     9 |    20 |    26 |    10 ||    70
Armor: Robe              |     7 |     7 |    14 |    10 |    41 |   116 |       ||   195
       Skin              |       |       |    16 |       |       |       |       ||    16
       Storm dragon scal |       |       |       |       |       |       |   103 ||   103
Dodge: Dodged            |    25 |    32 |    95 |   118 |   561 |  1237 |   176 ||  2244
Block: Buckler           |       |       |     3 |    52 |   238 |   365 |       ||   658
       Reflection        |       |       |       |       |     1 |    14 |       ||    15
       Shield            |       |       |       |       |       |   488 |   268 ||   756
